 Dungeon Crawl Stone Soup version 0.22.0 (webtiles) character file.

63 Astral24 the Grave Robber (level 3, 0/24 HPs)
             Began as a Vampire Necromancer on Oct 21, 2018.
             Slain by a worm (4 damage)
             ... on level 2 of the Dungeon.
             The game lasted 00:15:10 (2083 turns).

Astral24 the Grave Robber (Vampire Necromancer)     Turns: 2083, Time: 00:15:10

Health: 0/24       AC:  2    Str:  7    XL:     3   Next: 89%
Magic:  0/6        EV: 13    Int: 18    God:
Gold:   88         SH:  0    Dex: 14    Spells: 4/6 levels left

rFire    . . .     SeeInvis +   l - +0 dagger
rCold    . . .     Gourm    .   (no shield)
rNeg     + . .     Faith    .   a - +0 robe
rPois    .         Spirit   .   (no helmet)
rElec    .         Reflect  .   (no cloak)
rCorr    .         Harm     .   (no gloves)
MR       .....                  (no boots)
Stlth    +++.......             (no amulet)
HPRegen  0.08/turn              (no ring)
MPRegen  0.10/turn              (no ring)

@: no status effects
A: fangs 3, see invisible, unbreathing
a: Bat Form


You were on level 2 of the Dungeon.
You were not thirsty.

You visited 1 branch of the dungeon, and saw 2 of its levels.

You collected 88 gold pieces.

Inventory:

Hand Weapons
 l - a +0 dagger (weapon)
Missiles
 f - 106 stones (quivered)
Armour
 a - a +0 robe (worn)
Scrolls
 b - 3 scrolls of identify {unknown}
 h - a scroll of noise {unknown}
 i - a scroll of teleportation {unknown}
 j - a scroll of fog {unknown}
Potions
 c - 11 potions of blood
 d - a potion of heal wounds {unknown}
 e - a potion of degeneration {unknown}
 g - 2 potions of curing {unknown}
 k - a potion of haste {unknown}


   Skills:
 + Level 2.4 Dodging
 * Level 4.0 Stealth
 * Level 2.2 Spellcasting
 + Level 5.5 Necromancy


You had 4 spell levels left.
You knew the following spells:

 Your Spells              Type           Power        Failure   Level  Hunger
a - Pain                  Necr           ###.         1%          1    #......
b - Animate Skeleton      Necr           N/A          1%          1    #......

Your spell library contained the following spells:

 Spells                   Type           Power        Failure   Level  Hunger
 Animate Dead             Necr           N/A          19%         4    #####..
 Vampiric Draining        Necr           ###.......   5%          3    ###....
 Regeneration             Chrm/Necr      ##........   17%         3    ###....


Dungeon Overview and Level Annotations

Branches:
Dungeon (2/15)

Altars:


Innate Abilities, Weirdness & Mutations

You have razor-sharp teeth.
You have supernaturally acute eyesight. (SInv)
You can survive without breathing.


Message History

Your rat skeleton bites the worm.
You hit the worm but do no damage.
The worm is severely wounded.
The worm bites you!
* * * LOW HITPOINT WARNING * * *
Your rat skeleton bites the worm.
Casting: Pain (safe; 1% risk of failure)
Confirm with . or Enter, or press ? or * to list all spells.
Aiming: Pain (safe; 1% risk of failure)
Press: ? - help, Shift-Dir - straight line, f/p - worm
Aim: a worm (severely wounded, chance to defeat MR: 86%)
The worm writhes in agony!
The worm closely misses you.
You hit the worm.
The worm is severely wounded.
Your rat skeleton bites the worm.
You hit the worm but do no damage.
The worm is severely wounded.
Your rat skeleton barely misses the worm.
The worm bites you.
You die...

..... #...## .. #....# .#
#....+ '. #....# #. #...!#
####..#...w# #
......#..Z@#....
$..........'......
......#.#.####...$.. #...#
......#+#+### ...... #...##
...........######## #....#
................# #....#
##..............# #....#
#..............#####....##
r.#.......................#


You could see a worm and a friendly rat skeleton.

Vanquished Creatures
  2 adders (D:2)
  An ooze (D:1)
  A dart slug (D:1)
  2 ball pythons (D:1)
  2 bats
  A giant cockroach (D:1)
  2 goblins
  11 hobgoblins
  3 jackals
  3 frilled lizards
  4 kobolds
  5 rats
37 creatures vanquished.

Notes
Turn   | Place    | Note
-------+----------+-------------------------------------------
     0 | D:1      | Astral24 the Vampire Necromancer began the quest for the Orb.
     0 | D:1      | Reached XP level 1. HP: 13/13 MP: 3/3
   394 | D:1      | Reached XP level 2. HP: 4/19 MP: 1/5
   932 | D:1      | Learned a level 1 spell: Animate Skeleton
   990 | D:1      | Reached skill level 5 in Necromancy
  1361 | D:1      | Reached XP level 3. HP: 19/24 MP: 3/6
  2083 | D:2      | Slain by a worm

Skill      XL: |  1  2  3 |
---------------+----------+-----
Necromancy     | 5 |  5.5
Stealth        | 4 |  4.0
Dodging        | |  2.4
Spellcasting   | |  2.2

Action                   || total
-------------------------++-------
Melee: Unarmed           ||    14
       Bite              ||     3
       Dagger            ||    10
Throw: Stone             ||    16
 Cast: Pain              ||    62
       Animate Skeleton  ||     4
  Use: Potion            ||     4
Armor: Robe              ||     8
Dodge: Dodged            ||    28
